 Dungeon Crawl Stone Soup version 0.28.0-45-g0d030f2227 (webtiles) character file.

Game seed: 5530205833350519436

3439 DearestLeader the Blocker (level 10, 0/72 HPs)
             Began as a Gnoll Fighter on Apr 15, 2022.
             Was a Priest of Okawaru.
             Slain by a kobold brigand
             ... wielding a +0 war axe
              (4 damage)
             ... in a bailey.
             The game lasted 00:14:38 (7174 turns).

DearestLeader the Blocker (Gnoll Fighter)           Turns: 7174, Time: 00:14:39

Health: 0/72       AC: 12    Str: 17 (20) XL:     10   Next: 5%
Magic:  25/26      EV: 13    Int:  4 (7)  God:    Okawaru [***...]
Gold:   708        SH:  6    Dex: 14 (17) Spells: 14/18 levels left

rFire   + . .      SeeInvis .   I - +9 long sword "Zonwess" {vamp, *Corrode Fly Dex+5}
rCold   . . .      Faith    .   c - +0 buckler
rNeg    . . .      Spirit   .   J - +0 steam dragon scales
rPois   .          Reflect  .   s - +2 helmet
rElec   .          Harm     .   K - +0 cloak
rCorr   .          Rampage  .   z - +0 pair of gloves
Will    +....      Clarity  +   (no boots)
Stlth   +++.......              (no amulet)
HPRegen 0.22/turn               i - ring of magical power
MPRegen 0.20/turn               j - ring of protection from fire

@: lethally poisoned (0 -> -2), flying, slowed, very slow
A: fangs 1, strong nose, distributed training, clarity, frail 1, strong-willed 1
a: Renounce Religion, Heroism


You were in a bailey.
You worshipped Okawaru.
Okawaru was most pleased with you.
You visited 2 branches of the dungeon, and saw 8 of its levels.
You also visited: Sewer and Bailey.

You collected 708 gold pieces.

Inventory:

Hand Weapons
 a - a +0 war axe
 h - a +4 hand crossbow
 l - a +2 hand axe of holy wrath
 n - a +0 hunting sling
 I - the +9 long sword "Zonwess" (weapon) {vamp, *Corrode Fly Dex+5}
   (You found it on level 6 of the Dungeon)

   It occasionally heals its wielder for a portion of the damage dealt when it
   wounds a living foe.
   Dex:       It affects your dexterity (+5).
   Fly:       It grants you flight.
   *Corrode:  It may corrode you when you take damage.
Missiles
 o - 24 sling bullets
 L - 4 datura-tipped darts (quivered)
Armour
 c - a +0 buckler (worn)
 s - a +2 helmet (worn)
 z - a +0 pair of gloves (worn)
 J - +0 steam dragon scales (worn)
 K - a +0 cloak (worn)
Jewellery
 i - a ring of magical power (left hand)
 j - a ring of protection from fire (right hand)
 r - a ring of fire
 t - a ring of positive energy
 x - a ring of see invisible
Wands
 f - a wand of iceblast (8)
 w - a wand of flame (17)
 y - a wand of polymorph (7)
 H - a wand of mindburst (16)
Scrolls
 b - a scroll of teleportation
 e - 3 scrolls of blinking
 k - a scroll of silence
 q - 2 scrolls of enchant weapon
 A - 2 scrolls of fear
 C - a scroll of amnesia
 E - a scroll of noise
 G - a scroll of holy word
Potions
 d - a potion of ambrosia {unknown}
 g - a potion of mutation
 m - a potion of flight {unknown}
 p - a potion of degeneration
 u - 2 potions of lignification {unknown}
 v - a potion of heal wounds {unknown}
 B - a potion of haste
 D - a potion of might
 F - a potion of cancellation {unknown}


   Skills:
 + Level 8.2 Fighting
 + Level 4.9 Short Blades
 + Level 4.9 Long Blades
 + Level 6.7 Axes
 + Level 4.9 Maces & Flails
 + Level 4.9 Polearms
 + Level 4.9 Staves
 + Level 4.9 Slings
 + Level 4.9 Bows
 + Level 4.9 Crossbows
 + Level 4.9 Throwing
 + Level 8.2 Armour
 + Level 4.9 Dodging
 + Level 4.9 Stealth
 + Level 8.2 Shields
 + Level 4.9 Unarmed Combat
 + Level 4.9 Spellcasting
 + Level 4.0 Conjurations
 + Level 4.0 Hexes
 + Level 4.0 Summonings
 + Level 4.0 Necromancy
 + Level 4.0 Translocations
 + Level 4.0 Transmutations
 + Level 4.0 Fire Magic
 + Level 4.0 Ice Magic
 + Level 4.0 Air Magic
 + Level 4.0 Earth Magic
 + Level 4.0 Poison Magic
 + Level 5.3 Invocations
 + Level 4.9 Evocations


You had 14 spell levels left.
You knew the following spells:

 Your Spells              Type           Power      Damage    Failure   Level
a - Foxfire               Conj/Fire      16%        2x1d4     9%          1
b - Vampiric Draining     Necr           4%         2d6       24%         3

Your spell library contained the following spells:

 Spells                   Type           Power      Damage    Failure   Level
 Pain                     Necr           16%        1d4       9%          1
 Portal Projectile        Hex/Tloc       8%         N/A       24%         3
 Blade Hands              Tmut           2%         N/A       92%         5
 Excruciating Wounds      Necr           2%         N/A       92%         5
 Dispersal                Tloc           2%         N/A       100%        6
 Disjunction              Tloc           2%         N/A       100%        8
 Animate Skeleton         Necr           Unusable   N/A       N/A         1

Dungeon Overview and Level Annotations

Branches:
Dungeon (7/15)             Temple (1/1) D:4           Sewer (visited)
 Bailey (1/1)

Altars:
Cheibriados
Dithmenos
Fedhas
Gozag
Hepliaklqana
Makhleb
Nemelex Xobeh
Okawaru
Qazlal
Sif Muna
Yredelemnul
Zin
The Shining One

Annotations:
D:3 3 runed translucent doors, Ablot's ghost, amateur GnCK


Innate Abilities, Weirdness & Mutations

You have very sharp teeth.
Your uncanny sense of smell can sniff out nearby items.
Your experience applies equally to all skills.
You possess an exceptional clarity of mind.
You are frail. (-10% HP)
You are strong-willed. (Will+)


Message History

You miscast Vampiric Draining.
You are very lightly contaminated with residual magic.
Nothing appears to happen.
You feel extremely sick. The orc warrior misses you.
The kobold brigand closely misses you. x2
You hit the kobold brigand.
You feel better.
The kobold brigand is almost dead.
You feel very sick. The orc warrior misses you.
You block the kobold brigand's attack. x2
The kobold brigand closely misses you.
The kobold brigand completely misses you.
You miss the kobold brigand.
The kobold brigand is almost dead.
You feel very sick. The orc warrior barely misses you.
The kobold brigand hits you with a +0 war axe!
* * * LOW HITPOINT WARNING * * *
The orc warrior closely misses you. You block the orc warrior's attack.
You block the kobold brigand's attack. The kobold brigand closely misses you.
You feel sick. The orc warrior completely misses you.
The kobold brigand closely misses you.
The orc warrior hits you with a +0 war axe.
* * * LOW HITPOINT WARNING * * *
Unknown command.
It was a potion of degeneration.
There was something very wrong with that liquid.
You feel weakened.
You feel dopey.
You feel clumsy.
You feel sick. The orc warrior misses you.
The kobold brigand throws a poisoned dart.
The poisoned dart barely misses you.
The orc warrior hits you with a +0 war axe.
* * * LOW HITPOINT WARNING * * *
The orc warrior closely misses you.
Your magical contamination has completely faded away.
It was a potion of mutation.
You feel extremely strange.
Your thoughts seem clearer.
You feel frail.
You feel strong-willed.
* * * LOW HITPOINT WARNING * * *
You feel sick.
The kobold brigand hits you with a +0 war axe.
You die...

#≈≈...(...≈≈#####
...≈≈....(..≈≈....#
###≈≈.......≈≈###.#
..≈≈.......≈≈....#
###≈≈.......≈≈###.#
..≈≈.......≈≈....#
###≈≈.......≈≈###.#
..≈≈.......≈≈....#
###≈≈.KK@...≈≈###.#
...≈≈..Koo..≈≈....#
##≈≈...K...≈≈#####
##≈.......≈##
####)''####
##.....## #∩.....∩#
#...8...# ##.....##


You could see 2 orc warriors and 4 kobold brigands.

Vanquished Creatures
  Pikel (D:5)
  An orc knight (Bailey)
  Maggie (D:6)
  Grinder (D:6)
  Sigmund (D:2)
  A wraith (D:6)
  A water moccasin (D:6)
  A hornet zombie (D:6)
  A necrophage (D:4)
  5 kobold brigands
  Blork the orc (D:5)
  2 bullfrogs (D:7)
  A water moccasin zombie (D:4)
  3 wights (D:7)
  A howler monkey (D:6)
  A bullfrog zombie (D:5)
  3 hounds
  2 orc priests
  A bullfrog skeleton (D:6)
  Crazy Yiuf (D:6)
  3 iguanas
  Natasha (thrice) (D:4)
  2 orc wizards
  3 gnolls (D:4)
  A howler monkey skeleton (D:6)
  3 river rats
  11 adders
  A white imp (D:6)
  An ufetubus (D:6)
  6 worms
  7 orcs
  6 endoplasms
  2 giant cockroaches
  10 goblins
  8 hobgoblins
  3 jackals (D:2)
  A quokka (D:4)
  7 ball pythons
  3 bats
  14 frilled lizards
  20 kobolds
  4 rats
149 creatures vanquished.

Vanquished Creatures (others)
  4 foxfires (D:6)
  A fungus (D:1)
  6 plants
11 creatures vanquished.

Grand Total: 160 creatures vanquished

Notes
Turn   | Place    | Note
-------+----------+-------------------------------------------
     0 | D:1      | DearestLeader the Gnoll Fighter began the quest for the
                  | Orb.
     0 | D:1      | Reached XP level 1. HP: 23/23 MP: 1/1
   394 | D:1      | Reached XP level 2. HP: 29/29 MP: 2/2
   808 | D:1      | Found a faded altar of an unknown god.
   812 | D:1      | Got Plato's Disquisition on Damage Dealing
  1090 | D:2      | Noticed Sigmund
  1095 | D:2      | Killed Sigmund
  1096 | D:2      | Reached skill level 1 in Short Blades
  1096 | D:2      | Reached skill level 1 in Long Blades
  1096 | D:2      | Reached skill level 1 in Maces & Flails
  1096 | D:2      | Reached skill level 1 in Polearms
  1096 | D:2      | Reached skill level 1 in Staves
  1096 | D:2      | Reached skill level 1 in Slings
  1096 | D:2      | Reached skill level 1 in Bows
  1096 | D:2      | Reached skill level 1 in Crossbows
  1096 | D:2      | Reached skill level 1 in Throwing
  1096 | D:2      | Reached skill level 1 in Dodging
  1096 | D:2      | Reached skill level 1 in Stealth
  1096 | D:2      | Reached skill level 1 in Unarmed Combat
  1096 | D:2      | Reached skill level 1 in Spellcasting
  1096 | D:2      | Reached skill level 1 in Conjurations
  1096 | D:2      | Reached skill level 1 in Hexes
  1096 | D:2      | Reached skill level 1 in Summonings
  1096 | D:2      | Reached skill level 1 in Necromancy
  1096 | D:2      | Reached skill level 1 in Translocations
  1096 | D:2      | Reached skill level 1 in Transmutations
  1096 | D:2      | Reached skill level 1 in Fire Magic
  1096 | D:2      | Reached skill level 1 in Ice Magic
  1096 | D:2      | Reached skill level 1 in Air Magic
  1096 | D:2      | Reached skill level 1 in Earth Magic
  1096 | D:2      | Reached skill level 1 in Poison Magic
  1096 | D:2      | Reached skill level 1 in Invocations
  1096 | D:2      | Reached skill level 1 in Evocations
  1096 | D:2      | Reached XP level 3. HP: 29/35 MP: 2/5
  1096 | D:2      | Reached XP level 4. HP: 34/41 MP: 2/6
  1096 | D:2      | Reached XP level 5. HP: 39/47 MP: 2/7
  1705 | D:3      | Learned a level 1 spell: Foxfire
  1779 | D:3      | Noticed Ablot's ghost (amateur GnCK)
  1879 | D:3      | Found a runed translucent gate.
  1879 | D:3      | Found a runed translucent gate.
  1879 | D:3      | Found a runed translucent gate.
  2075 | D:3      | Reached XP level 6. HP: 53/53 MP: 8/8
  2235 | D:3      | Found a faded altar of an unknown god.
  2506 | D:3      | Found a sparkling altar of Nemelex Xobeh.
  2577 | D:4      | Found a staircase to the Ecumenical Temple.
  2706 | D:4      | Noticed Natasha
  2710 | D:4      | Killed Natasha
  2711 | D:4      | Reached skill level 5 in Axes
  2922 | D:4      | Noticed a necrophage
  3027 | Temple   | Entered the Ecumenical Temple
  3282 | Temple   | Became a worshipper of Warmaster Okawaru
  3316 | D:4      | Noticed Natasha
  3334 | D:4      | Killed a necrophage
  3335 | D:4      | Reached XP level 7. HP: 42/59 MP: 10/10
  3338 | D:4      | Killed Natasha
  3715 | D:4      | Noticed Natasha
  3723 | D:4      | Killed Natasha
  3933 | D:5      | Entered Level 5 of the Dungeon
  4185 | D:5      | Found a glowing drain.
  4214 | Sewer    | Entered a sewer
  5132 | D:5      | Found a burning altar of Makhleb.
  5134 | D:5      | Noticed Blork the orc
  5135 | D:5      | Found a glowing golden altar of the Shining One.
  5136 | D:5      | Found a shadowy altar of Dithmenos.
  5136 | D:5      | Found a shimmering blue altar of Sif Muna.
  5147 | D:5      | Killed Blork the orc
  5148 | D:5      | Reached XP level 8. HP: 61/67 MP: 12/12
  5189 | D:5      | Noticed Pikel
  5207 | D:5      | Killed Pikel
  5207 | D:5      | Reached * piety under Okawaru
  5688 | D:6      | Reached ** piety under Okawaru
  5850 | D:6      | Identified the +9 long sword "Zonwess" {vamp, *Corrode Fly
                  | Dex+5}
  5990 | D:6      | Noticed Grinder
  5994 | D:6      | Paralysed by Grinder for 5 turns
  6006 | D:6      | Killed Grinder
  6007 | D:6      | Reached XP level 9. HP: 53/73 MP: 14/14
  6319 | D:6      | Noticed Maggie
  6335 | D:6      | Killed Maggie
  6336 | D:6      | Reached *** piety under Okawaru
  6392 | D:6      | Learned a level 3 spell: Vampiric Draining
  6506 | D:6      | Found a runed translucent door.
  6507 | D:6      | Noticed Crazy Yiuf
  6634 | D:6      | Killed Crazy Yiuf
  6810 | D:7      | Found a flagged portal.
  6817 | Bailey   | Entered a bailey
  6864 | Bailey   | Noticed an orc knight
  6873 | Bailey   | Reached skill level 5 in Invocations
  6887 | Bailey   | Killed an orc knight
  6888 | Bailey   | Reached XP level 10. HP: 37/80 MP: 17/17
  7168 | Bailey   | Identified the +9 rapier of True Grit {drain, +Blink rElec
                  | Dex-4 SInv}
  7174 | Bailey   | Gained mutation: You possess an exceptional clarity of
                  | mind. [potion of mutation]
  7174 | Bailey   | Gained mutation: You are frail. (-10% HP) [potion of
                  | mutation]
  7174 | Bailey   | Gained mutation: You are strong-willed. (Will+) [potion of
                  | mutation]
  7174 | Bailey   | Slain by a kobold brigand

Illustrated notes

Levels and vault maps discovered:
D:1:      roderic_chinese_lattice_arrival, layout_loops_cross,
          shapermc_ecumenical_altar_rom_forum
D:2:      layout_loops_ring, uniq_sigmund
D:3:      layout_rooms, nicolae_overflow_ecumenical_swirl, gammafunk_ghost_icy,
          patterned_corridor
D:4:      layout_basic, minmay_temple_entry_grid, uniq_natasha
D:5:      layout_loops_ring, chequers_temple_overflow_statue_of_worship,
          cheibrodos_sewer_entry_sluice, grunt_decor_cap, uniq_pikel,
          uniq_blork_the_orc
D:6:      layout_basic, minmay_lizard_king, uniq_grinder, uniq_maggie,
          uniq_crazy_yiuf_cottage
D:7:      layout_basic, serial_shops, nicolae_shop_overgrown_old_shop,
          enter_bailey_3, minmay_nine_imps
Temple:   regret_index_temple_sphere_string
Bailey:   bailey_axe_3, bailey

Skill      XL: |  1  2  3  4  5  6  7  8  9 |
---------------+----------------------------+-----
Short Blades   | 1 2 3 4 |  4.9
Long Blades    | 1 2 3 4 |  4.9
Maces & Flails | 1 2 3 4 |  4.9
Polearms       | 1 2 3 4 |  4.9
Staves         | 1 2 3 4 |  4.9
Slings         | 1 2 3 4 |  4.9
Bows           | 1 2 3 4 |  4.9
Crossbows      | 1 2 3 4 |  4.9
Throwing       | 1 2 3 4 |  4.9
Dodging        | 1 2 3 4 |  4.9
Stealth        | 1 2 3 4 |  4.9
Unarmed Combat | 1 2 3 4 |  4.9
Spellcasting   | 1 2 3 4 |  4.9
Conjurations   | 1 2 3 4 |  4.0
Hexes          | 1 2 3 4 |  4.0
Summonings     | 1 2 3 4 |  4.0
Necromancy     | 1 2 3 4 |  4.0
Translocations | 1 2 3 4 |  4.0
Transmutations | 1 2 3 4 |  4.0
Fire Magic     | 1 2 3 4 |  4.0
Ice Magic      | 1 2 3 4 |  4.0
Air Magic      | 1 2 3 4 |  4.0
Earth Magic    | 1 2 3 4 |  4.0
Poison Magic   | 1 2 3 4 |  4.0
Invocations    | 1 2 3 4 5 |  5.3
Evocations     | 1 2 3 4 |  4.9
Axes           | 5 6 |  6.7
Fighting       | 7 8 |  8.2
Armour         | 7 8 |  8.2
Shields        | 7 8 |  8.2

Action                   |  1- 3 |  4- 6 |  7- 9 | 10-12 || total
-------------------------+-------+-------+-------+-------++-------
Melee: War axe           |    72 |   113 |   170 |       ||   355
       Bite              |     4 |    15 |    47 |     1 ||    67
       Whip              |       |       |    50 |       ||    50
       Hand axe          |       |       |    18 |       ||    18
       Long sword        |       |       |   110 |     7 ||   117
 Cast: Foxfire           |       |       |     3 |       ||     3
       Vampiric Draining |       |       |     1 |       ||     1
Invok: Heroism           |       |       |     2 |       ||     2
Evoke: Wand              |       |       |     2 |     1 ||     3
  Use: Potion            |     1 |     1 |     1 |     2 ||     5
       Scroll            |       |     4 |    11 |       ||    15
 Stab: Sleeping          |       |       |     1 |       ||     1
Armor: Scale mail        |    28 |    48 |   121 |       ||   197
       Steam dragon scal |       |       |    19 |       ||    19
Dodge: Dodged            |    27 |    36 |   180 |    20 ||   263
Block: Buckler           |    19 |    29 |    98 |     8 ||   154
